 Dungeon Crawl Stone Soup version 0.31.0-4-g52a2dc7128 (console) character file.

Game seed: 3048024113369862208

8663 AlterAsc the Nimble (level 11, 0/120 HPs)
             Began as an Octopode Shapeshifter on Jan 22, 2024.
             Was a Believer of Trog.
             Killed from afar by an orc wizard (13 damage)
             ... with a puff of flame
             ... on level 9 of the Dungeon.
             The game lasted 00:31:09 (11318 turns).

AlterAsc the Nimble (Octopode Shapeshifter)        Turns: 11318, Time: 00:31:10

Health: 0/120      AC: 25    Str: 14    XL:     11   Next: 34%
Magic:  11/11      EV:  2    Int: 12    God:    Trog [**....]
Gold:   505        SH:  0    Dex: 16    Spells: 10/10 levels left

rFire   . .          .
                       - Unarmed
rCold   . . .        (no shield)
rNeg    . . .        (helmet currently unavailable)
rPois   +            (no amulet)
rElec   .            p - ring of resist corrosion
rCorr   +            m - ring of flight
SInv    .            (no ring)
Will    .....        (no ring)
Stlth   +            (no ring)
HPRegen 0.40/turn    (no ring)
MPRegen 0.12/turn    (no ring)
                     (no ring)

%: no passive effects
@: confused, tree-form, ambrosia-drunk, on berserk cooldown, slowed, very slow
A: stationary, stasis, torment immunity, boosted hp, almost no armour,
(amphibious), 8 rings, (camouflage 1), (gelatinous body 1), (nimble swimmer 1),
(tentacles)
a: Renounce Religion, Berserk, Trog's Hand


You were on level 9 of the Dungeon.
You worshipped Trog.
Trog was pleased with you.
You were a tree.
You visited 2 branches of the dungeon, and saw 11 of its levels.

You collected 505 gold pieces.

Inventory:

Hand Weapons
 v - the +4 dagger of Ibuessuh {venom, rC+ Will- MP+9}
   (You found it on level 6 of the Dungeon)

   rC+:       It protects you from cold.
   Will-:     It decreases your willpower.
   MP+9:      It affects your magic capacity (+9).
Missiles
 a - 6 silver javelins
 o - 47 poisoned darts (quivered)
Magical Staves
 d - a staff of cold
Jewellery
 m - a ring of flight (right branch)
 p - a ring of resist corrosion (left branch)
 B - a ring of positive energy
Talismans
 b - a beast talisman
 c - a flux talisman
Wands
 k - a wand of flame (20)
 t - a wand of iceblast (12)
 y - a wand of paralysis (5)
Scrolls
 i - a scroll of enchant armour
 j - 3 scrolls of immolation
 u - 2 scrolls of vulnerability
 w - a scroll of revelation {unknown}
 x - 3 scrolls of teleportation
Potions
 e - a potion of degeneration {unknown}
 f - a potion of magic {unknown}
 g - 2 potions of resistance
 h - 2 potions of mutation
 l - a potion of attraction {unknown}
 n - 2 potions of ambrosia
 q - 2 potions of brilliance {unknown}
 r - 2 potions of heal wounds {unknown}
 s - 2 potions of enlightenment {unknown}
 z - a potion of curing {unknown}


   Skills:
 - Level 9.4 Fighting
 + Level 9.8 Dodging
 * Level 9.4 Unarmed Combat
 + Level 7.0 Shapeshifting


You had 10 spell levels left.
You didn't know any spells.
Your spell library contained the following spells:

 Spells                   Type           Power      Damage    Failure   Level
 Call Imp                 Summ           0%         N/A       45%         2
 Ensorcelled Hibernation  Hex/Ice        0%         N/A       45%         2
 Lesser Beckoning         Tloc           0%         N/A       45%         2
 Sublimation of Blood     Necr           0%         N/A       45%         2
 Dazzling Flash           Conj/Hex       0%         N/A       69%         3
 Gell's Gravitas          Tloc           0%         N/A       69%         3
 Mephitic Cloud           Conj/Alch/Air  0%         N/A       69%         3
 Passwall                 Erth           0%         N/A       69%         3
 Swiftness                Air            0%         N/A       69%         3
 Teleport Other           Tloc           0%         N/A       69%         3
 Petrify                  Alch/Erth      0%         N/A       97%         4
 Curse of Agony           Necr           0%         N/A       100%        5
 Irradiate                Conj/Alch      0%         3d11      100%        5
 Silence                  Hex/Air        0%         N/A       100%        5
 Summon Hydra             Summ           0%         N/A       100%        7


Dungeon Overview and Level Annotations

Branches:
Dungeon (10/15)            Temple (1/1) D:7            Lair (0/5) D:8
    Orc: D:9-12

Altars:
Ashenzari
Cheibriados
Dithmenos
Elyvilon
Fedhas
Gozag
Hepliaklqana
Kikubaaqudgha
Makhleb
Nemelex Xobeh
Okawaru
Qazlal
Ru
Sif Muna
Trog
Uskayaw
Vehumet
Wu Jian
Xom
Yredelemnul
Zin
The Shining One

Annotations:
D:5 Grinder
D:8 Jeremiah


Innate Abilities, Weirdness & Mutations

You are a tree.
Your roots penetrate the ground, keeping you stationary.
You cannot be teleported.
You are immune to unholy pain and torment.
Your maximum health is greatly increased.
You cannot wear most types of armour.
((You are amphibious.))
You can wear up to eight rings at the same time.
((Your skin changes colour to match your surroundings (Stealth+).))
((Your rubbery body absorbs attacks. (AC +1, EV +1)))
((You are camouflaged when in or above water. (Stealth+)))
((You have tentacles for arms and can constrict up to eight enemies at once.))


Message History

* * * LOW HITPOINT WARNING * * *
You hear some strange, mumbled words.
A magic dart appears from out of thin air!
The magic dart hits you!
* * * LOW HITPOINT WARNING * * *
You hear some strange, mumbled words.
A puff of flame appears from out of thin air!
The puff of flame hits something!
You miss something. Something barely misses you. Something hits you.
* * * LOW HITPOINT WARNING * * *
Something barely misses you.
Really quaff the potion of lignification?
Your transformation has ended.
You turn into a tree.
Your roots penetrate the ground.
You hear some strange, mumbled words.
Something tries to affect you, but you resist.
Something hits you but does no damage.
Okay, then.
You cannot move. (Use ctrl+direction or * direction to attack while stationary and confused.) Unknown command.
Unknown command.
Unknown command.
You cannot move. (Use ctrl+direction or * direction to attack while stationary and confused.)
You miss something.
You feel less confused. Something hits you.
* * * LOW HITPOINT WARNING * * *
Something hits you but does no damage.
You are confused.
You feel invigorated.
You hear some strange, mumbled words.
Something tries to affect you, but you resist.
You hear some strange, mumbled words.
A puff of flame appears from out of thin air!
The puff of flame hits you but does no damage.
Something hits you but does no damage.
You hear some strange, mumbled words.
A puff of flame appears from out of thin air!
The puff of flame hits you!
You die...

...............'#..+.........#
...)...........#####.........#
................. +.........#
#)##########....# #.........#
..# ### #..####.........#
..#######≈## #....############
.........(.# #.##.#......#
.######~≈~.# #.##.#......# .#
#≈≈≈~.# #.##)#.>....# .#
#≈≈~~.###.##)#......# .#
#~~.~.....#♣{)......# .#
#.....~≈#####.{.......# .#
#.#≈~.~≈# #......#### .
#[#≈~.~≈# ##.....# . #≈~.~≈#
#####.# #≈~.~≈# .# ...~.~≈# .#
#.##.~~# ##


There were no monsters in sight!

Vanquished Creatures
  2 two-headed ogres (D:9)
  Pikel (D:5)
  Maggie (D:6)
  A rime drake (D:8)
  2 polar bears (D:8)
  A troll (D:9)
  3 slime creatures (D:6)
  A wyvern (D:7)
  5 yaks (D:9)
  Eustachio (D:4)
  A steam dragon (D:9)
  2 water moccasins (D:5)
  An acid dragon (D:8)
  2 sky beasts
  A black bear (D:6)
  3 ice beasts
  2 orc warriors (D:9)
  2 wolves (D:8)
  5 centaurs
  3 lemures
  Blork the orc (D:4)
  6 kobold brigands
  3 scorpions
  A bullfrog (D:8)
  2 gnoll sergeants (D:7)
  A wight (D:8)
  4 killer bees (D:7)
  7 howler monkeys
  4 hounds
  7 orc priests
  2 jellies (D:6)
  2 gnoll boudas
  3 iguanas
  Terence (D:3)
  2 sleepcaps
  8 orc wizards
  9 adders
  17 gnolls
  A white imp (D:6)
  4 ufetubi
  A dart slug (D:4)
  2 ribbon worms (D:2)
  31 orcs
  8 ball pythons
  10 endoplasms
  6 giant cockroaches
  7 goblins
  6 hobgoblins
  4 jackals
  3 quokkas
  8 bats
  2 frilled lizards
  22 kobolds
  15 rats
250 creatures vanquished.

Vanquished Creatures (collateral kills)
  2 jellies (D:6)
  An endoplasm (D:6)
3 creatures vanquished.

Grand Total: 253 creatures vanquished

Notes
Turn   | Place    | Note
-------+----------+-------------------------------------------
     0 | D:1      | AlterAsc the Octopode Shapeshifter began the quest for the
                  | Orb.
     0 | D:1      | Reached XP level 1. HP: 13/13 MP: 1/1
   316 | D:1      | Reached XP level 2. HP: 15/18 MP: 2/2
   817 | D:2      | Reached XP level 3. HP: 10/23 MP: 3/3
  1731 | D:2      | Reached XP level 4. HP: 28/28 MP: 4/4
  1890 | D:2      | Reached skill level 5 in Unarmed Combat
  2134 | D:3      | Reached XP level 5. HP: 26/33 MP: 5/5
  2339 | D:3      | Noticed Terence
  2352 | D:3      | Killed Terence
  2728 | D:4      | Noticed Eustachio
  2824 | D:4      | Reached XP level 6. HP: 38/38 MP: 6/6
  2861 | D:4      | Noticed Blork the orc
  2863 | D:5      | Entered Level 5 of the Dungeon
  3131 | D:5      | Noticed a black bear
  3269 | D:4      | Killed Blork the orc
  3270 | D:4      | Reached XP level 7. HP: 23/43 MP: 7/7
  3542 | D:5      | Noticed Grinder
  4265 | D:4      | Killed Eustachio
  4521 | D:5      | Reached XP level 8. HP: 12/49 MP: 8/8
  5247 | D:5      | Noticed Pikel
  5262 | D:5      | Killed Pikel
  5263 | D:5      | Reached XP level 9. HP: 51/59 MP: 9/9
  5361 | D:6      | Identified the +4 dagger of Ibuessuh {venom, rC+ Will-
                  | MP+9}
  5407 | D:6      | Reached skill level 5 in Dodging
  5609 | D:6      | Reached skill level 5 in Fighting
  6592 | D:6      | Found a bloodstained altar of Trog.
  6592 | D:6      | Found a broken altar of Ashenzari.
  6592 | D:6      | Found a shimmering blue altar of Sif Muna.
  6592 | D:6      | Found a bloodstained altar of Trog.
  6592 | D:6      | Found a hide-covered altar of Uskayaw.
  6592 | D:6      | Found a radiant altar of Vehumet.
  6625 | D:6      | Reached skill level 5 in Shapeshifting
  6899 | D:6      | Became a worshipper of Trog the Wrathful
  6990 | D:6      | Noticed Maggie
  6999 | D:6      | Killed Maggie
  7001 | D:6      | Reached XP level 10. HP: 36/69 MP: 10/10
  7336 | D:7      | Found a glowing golden altar of the Shining One.
  8019 | D:7      | Found a hide-covered altar of Uskayaw.
  8019 | D:7      | Noticed a +0 dagger
  8019 | D:7      | Noticed a +0 dagger
  8045 | D:7      | Found a glowing silver altar of Zin.
  8176 | D:7      | Found a staircase to the Ecumenical Temple.
  8605 | Temple   | Entered the Ecumenical Temple
  8873 | D:8      | Found a white marble altar of Elyvilon.
  9221 | D:8      | Reached * piety under Trog
  9446 | D:8      | Found an ornate altar of the Wu Jian Council.
  9566 | D:8      | Found a staircase to the Lair.
 10167 | D:8      | Noticed Jeremiah
 10233 | D:9      | Found an opulent altar of Gozag.
 10362 | D:9      | Noticed a two-headed ogre
 10396 | D:9      | Reached ** piety under Trog
 10423 | D:10     | Entered Level 10 of the Dungeon
 10504 | D:9      | Reached XP level 11. HP: 80/80 MP: 11/11
 10606 | D:9      | Killed a two-headed ogre
 11290 | D:9      | Noticed a two-headed ogre
 11311 | D:9      | Killed a two-headed ogre
 11317 | D:9      | HP: 6/120 [something (2)]
 11318 | D:9      | Killed from afar by an orc wizard

Illustrated notes

Levels and vault maps discovered:
D:1:      dpeg_arrival_round_c, layout_basic, hangedman_decor_diamond_cutter,
          minmay_rat_gold_closets
D:2:      kb_forest_paths, layout_loops_ring, serial_co_window_serial,
          co_window_corner_a, co_window_corner_a, co_window_corner_a,
          co_window_paths_a, co_window_paths_a, co_window_paths_a,
          co_window_paths_b, co_window_corner_a, co_window_paths_b,
          co_window_of_opportunity_c, co_window_corner_ca, co_window_corner_b,
          co_window_of_opportunity_c, co_window_cross_2, co_window_paths_e,
          glass_columns_a, glass_columns_a, glass_columns_a, glass_columns_a
D:3:      layout_loops_ring, uniq_terence
D:4:      layout_cave_pools, uniq_eustachio, uniq_blork_the_orc
D:5:      layout_basic, grunt_ministairs_14, minmay_manual_mullet, uniq_grinder,
          uniq_pikel
D:6:      cheibrodos_fertilizer, layout_loops_ring, uniq_maggie
D:7:      layout_basic, dancing_weapons_uskayaw, mainiacjoe_overflow_catwalk,
          zin_academy, minmay_temple_entry_enclosed_plants, minivault_1,
          hangedman_abyss_or_decor_passed
D:8:      layout_basic, nzn_wu_jian_contemplation, hellmonk_lair_entry_icy,
          grunt_ministairs_15, minmay_ruined_shrine, uniq_jeremiah
D:9:      layout_basic, grunt_gozag_statues
D:10:     layout_rooms, uniq_joseph
Temple:   bh_familiar_temple

Skill      XL: |  1  2  3  4  5  6  7  8  9 10 11 |
---------------+----------------------------------+-----
Unarmed Combat | 4 5 6 7 9 |  9.4
Fighting       | 4 6 9 |  9.4
Dodging        | 4 7 9 |  9.8
Shapeshifting  | 4 5 6 7 |  7.0

Action                     |  1- 3 |  4- 6 |  7- 9 | 10-12 || total
---------------------------+-------+-------+-------+-------++-------
  Melee: Unarmed           |    69 |   114 |   186 |   224 ||   593
         Constrict         |    15 |    37 |    44 |    35 ||   131
         Tentacles         |    13 |    22 |    50 |    63 ||   148
         Punch             |     2 |     5 |    15 |    16 ||    38
  Throw: Dart              |       |    12 |    21 |     4 ||    37
 Invoke: Berserk           |       |       |       |     5 ||     5
  Evoke: Wand              |       |     2 |    10 |    10 ||    22
    Use: Scroll            |       |     6 |     3 |     4 ||    13
         Potion            |       |       |     2 |     2 ||     4
   Stab: Sleeping          |     8 |     6 |     3 |     2 ||    19
         Distracted        |       |       |     1 |       ||     1
 Armour: Skin              |    24 |    47 |   110 |   123 ||   304
  Dodge: Dodged            |    38 |    71 |   123 |   148 ||   380
